 Dungeon Crawl Stone Soup version 0.10.0-32-gfa280cc character file.

982 brandie the Skirmisher (level 7, -17/62 HPs)
             Began as a Minotaur Fighter on Mar 10, 2012.
             Was an Initiate of Okawaru.
             Demolished by an orc warrior
             ... wielding a +0,+3 orcish halberd
              (21 damage)
             ... on Level 6 of the Dungeon.
             The game lasted 00:27:04 (4446 turns).

brandie the Skirmisher (Minotaur Fighter)           Turns: 4446, Time: 00:27:04

HP -17/62        AC 11     Str 22      XL: 7   Next: 53%
MP   2/2         EV  6     Int  5      God: Okawaru [......]
Gold 274         SH 21     Dex 10      Spells:  0 memorised,  6 levels left

Res.Fire  : . . .   See Invis. : .   a - +1,+0 trident
Res.Cold  : . . .   Warding    : . . b - +0 scale mail
Life Prot.: . . .   Conserve   : .   c - +0 shield
Res.Acid. : + . .   Res.Corr.  : +   l - +1 cap
Res.Poison: .       Clarity    : .   (no cloak)
Res.Elec. : .       Spirit.Shd : .   (no gloves)
Sust.Abil.: . .     Stasis     : .   E - +0 pair of boots
Res.Mut.  : .       Ctrl.Telep.: .   G - amulet of resist corrosion
Res.Rott. : .       Levitation : .   (no ring)
Saprovore : . . .   Ctrl.Flight: .   L - +1 ring of protection

@: about to teleport, slightly resistant to hostile enchantments, extremely
unstealthy
A: retaliatory headbutt, horns 2
a: Renounce Religion


You were on level 6 of the Dungeon.
You worshipped Okawaru.
Okawaru was pleased with you.
You were not hungry.

You visited 2 branches of the dungeon, and saw 7 of its levels.
You visited 1 portal chamber: sewer.

You collected 254 gold pieces.

Inventory:

Hand weapons
 a - a +1,+0 trident (weapon)
 v - a +0,+1 orcish mace
 w - a -1,+2 orcish short sword of holy wrath
 x - a +2,+2 orcish mace
 y - a +2,+1 mace
 C - a +1,+0 elven whip
 F - a -1,+1 orcish trident
 H - a -1,+3 orcish morningstar
Missiles
 K - 2 poisoned +0 javelins (quivered)
Armour
 b - a +0 scale mail (worn)
 c - a +0 shield (worn)
 l - a +1 cap (worn)
 u - a +0 ring mail of positive energy
 E - a +0 pair of boots (worn)
Magical devices
 R - a wand of enslavement (5) {unknown}
Comestibles
 d - 4 bread rations
 J - 10 strawberries
 Q - a choko
Scrolls
 e - 2 scrolls of teleportation
 g - a scroll of fog {unknown}
 i - a scroll of enchant weapon I
 j - 4 scrolls of remove curse {unknown}
 k - a scroll of recharging {unknown}
 o - 5 scrolls of identify
 t - a scroll of fear {unknown}
 z - 2 scrolls of amnesia {unknown}
 B - 2 scrolls of detect curse {unknown}
 D - a scroll of random uselessness {unknown}
 I - a scroll of immolation {unknown}
Jewellery
 G - an amulet of resist corrosion (around neck)
 L - a +1 ring of protection (left hand)
Potions
 f - a potion of degeneration {unknown}
 h - 4 potions of curing
 m - a potion of berserk rage {unknown}
 n - 2 potions of might {unknown}
 p - 2 potions of restore abilities {unknown}
 q - a potion of brilliance {unknown}
 r - a potion of gain dexterity {unknown}
 s - 3 potions of heal wounds {unknown}
 A - 2 potions of resistance
 O - 2 potions of paralysis {unknown}
Books
 M - a Necronomicon This book is beyond your current level of understanding.

   Spells                             Type                      Level
   Borgnjor's Revivification          Necromancy                   7
   Haunt                              Necromancy/Summoning         7
   Death's Door                       Charms/Necromancy            8
   Necromutation                      Transmutation/Necromancy     8


   Skills:
 + Level 6.9 Fighting
 - Level 2.6 Polearms
 + Level 6.8 Armour
 + Level 6.6 Shields


You had 6 spell levels left.
You didn't know any spells.

Dungeon Overview and Level Annotations

Branches:
Dungeon (6/27)             Temple (1/1) D:5
    Orc: D:6-11

Altars:
Ashenzari
Cheibriados
Elyvilon
Fedhas
Kikubaaqudgha
Makhleb
Nemelex Xobeh
Okawaru
Sif Muna
The Shining One
Trog
Vehumet
Xom
Yredelemnul
Zin


Innate Abilities, Weirdness & Mutations

You reflexively headbutt those who attack you in melee.
You have a pair of horns on your head.


Message History

The orc warrior is lightly wounded.
You block the orc warrior's attack.
Attack whom?
Press: ? - help, Dir - move target cursor, f/p - orc warrior
Aim: an orc warrior, wielding an orcish halberd and wearing an orcish plate armour (lightly wounded)
You reach to attack!
You puncture the orc warrior.
The orc warrior is lightly wounded.
The orc warrior hits you from afar with an orcish halberd!
* * * LOW HITPOINT WARNING * * *
You are too injured to fight blindly!
You are too injured to fight blindly!
Drink which item? (? for menu, Esc to quit)
You feel better.
The orc warrior hits you from afar with an orcish halberd!
* * * LOW HITPOINT WARNING * * *
Read which item? (? for menu, Esc to quit)
As you read the scroll of teleportation, it crumbles to dust.
You feel strangely unstable.
The orc warrior hits you from afar with an orcish halberd!
You die...

#.....#..........................
#.....####.######################
#+##### #.# .....#####)##
............# ............#######
# ....................#
............######..#.#
.....#####.#....@).[..# .....#
#.#.#.###o.###
##########.#.#.....(...
#.........######..)((
#...................(
####.........######....
.............######
..................#
..........#.......#


You could see an orc warrior.

Vanquished Creatures
  2 ogres (D:6)
  2 centaurs (D:5)
  A big kobold (Port)
  A big fish (Port)
  A scorpion (D:4)
  Jessica (D:3)
  A green rat (Port)
  3 adders
  An adder zombie (D:5)
  An adder skeleton (D:6)
  3 giant mites (D:4)
  2 worms
  7 grey rats
  5 giant geckos
  An ooze (D:1)
  18 orcs
  2 ball pythons
  8 bats
  5 giant cockroaches
  9 goblins
  13 hobgoblins
  11 kobolds
  6 giant newts
  2 hobgoblin skeletons
  10 jackals
  An orc skeleton (D:6)
  2 quokkas (D:3)
  A quokka zombie (D:3)
  7 rats
127 creatures vanquished.

Vanquished Creatures (others)
  A toadstool (D:4)
1 creature vanquished.

Grand Total: 128 creatures vanquished

Notes
Turn   | Place    | Note
--------------------------------------------------------------
     0 | D:1      | brandie, the Minotaur Fighter, began the quest for the Orb.
     0 | D:1      | Reached XP level 1. HP: 19/19 MP: 0/0
   392 | D:1      | Reached XP level 2. HP: 26/26 MP: 0/0
   474 | D:1      | Reached skill level 4 in Armour
  1236 | D:2      | Reached XP level 3. HP: 33/33 MP: 1/1
  1449 | D:3      | Noticed Jessica
  1455 | D:3      | Killed Jessica
  1455 | D:3      | Reached XP level 4. HP: 32/40 MP: 1/1
  1703 | D:3      | Found a bloodstained altar of Trog.
  1835 | D:3      | Reached skill level 5 in Armour
  2126 | D:3      | Reached skill level 5 in Fighting
  2507 | D:4      | Reached XP level 5. HP: 47/47 MP: 1/1
  2584 | D:4      | Reached skill level 5 in Shields
  2594 | D:4      | Found a glowing drain. 2614
                  | sewer
                  | Entered the sewers 2763
                  | sewer
                  | Reached XP level 6. HP: 53/55 MP: 2/2 2805
                  | sewer
                  | Found a white marble altar of Elyvilon.
  3064 | D:4      | Reached skill level 6 in Fighting
  3153 | D:4      | Found a shattered altar of Ashenzari.
  3297 | D:5      | Entered Level 5 of the Dungeon
  3416 | D:5      | Found a shimmering altar of Xom.
  3465 | D:5      | Reached XP level 7. HP: 24/61 MP: 2/2
  3654 | D:5      | Found a staircase to the Ecumenical Temple.
  3667 | Temple   | Entered the Ecumenical Temple
  3755 | Temple   | Became a worshipper of Warmaster Okawaru
  4446 | D:6      | Demolished by an orc warrior
